 Dungeon Crawl Stone Soup version 0.28.0-53-g5a82cb258f (webtiles) character file.

Game seed: 14245044484253844968

46 Gabide the Stinger (level 3, -1/26 HPs)
             Began as a Demigod Venom Mage on June 28, 2022.
             Slain by a gnoll
             ... wielding a +0 spear
              (4 damage)
             ... on level 1 of the Dungeon.
             The game lasted 00:02:25 (1636 turns).

Gabide the Stinger (Demigod Venom Mage)             Turns: 1636, Time: 00:02:25

Health: -1/26      AC:  2    Str:  9    XL:     3   Next: 27%
Magic:  6/8        EV: 13    Int: 21    God:
Gold:   48         SH:  0    Dex: 20    Spells: 4/5 levels left

rFire   + . .      SeeInvis .   h - +2 whip (elec)
rCold   + . .      Faith    .   (no shield)
rNeg    . . .      Spirit   .   A - +0 robe
rPois   +          Reflect  .   (no helmet)
rElec   +          Harm     .   (no cloak)
rCorr   +          Rampage  .   (no gloves)
Will    .....                   (no boots)
Stlth   ++........              (no amulet)
HPRegen 0.08/turn               c - +6 ring of dexterity
MPRegen 0.11/turn               (no ring)

@: resistant
A: high MP 1, forlorn, divine attributes
a: no special abilities


You were on level 1 of the Dungeon.
You visited 1 branch of the dungeon, and saw 2 of its levels.

You collected 48 gold pieces.

Inventory:

Hand Weapons
 a - a +1 dagger of flaming
 h - a +2 whip of electrocution (weapon)
Armour
 A - a +0 robe (worn)
Jewellery
 c - a +6 ring of dexterity (left hand)
Scrolls
 d - 2 scrolls of teleportation {unknown}
 e - 2 scrolls of identify {unknown}
 f - a scroll of enchant armour {unknown}


   Skills:
 * Level 2.7 Dodging
 - Level 1.7 Stealth
 - Level 1.7 Spellcasting
 + Level 2.0 Transmutations
 - Level 3.0 Poison Magic


You had 4 spell levels left.
You knew the following spells:

 Your Spells              Type           Power      Damage    Failure   Level
a - Sting                 Tmut/Pois      48%        1d5       5%          1

Your spell library contained the following spells:

 Spells                   Type           Power      Damage    Failure   Level
 Poisonous Vapours        Pois/Air       16%        N/A       12%         2
 Mephitic Cloud           Conj/Pois/Air  6%         N/A       30%         3
 Olgreb's Toxic Radiance  Pois           14%        N/A       41%         4


Dungeon Overview and Level Annotations

Branches:
Dungeon (2/15)


Innate Abilities, Weirdness & Mutations

You have an increased reservoir of magic. (+10% MP)
You shall have no god before yourself.
Your divine heritage dramatically boosts your attributes as you level up.


Message History

* * * LOW HITPOINT WARNING * * *
The gnoll barely misses you.
The gnoll hits you from afar with a +0 spear.
* * * LOW HITPOINT WARNING * * *
There is a stone staircase leading up, spattered with blood here.
The gnoll misses you. The gnoll barely misses you. The gnoll misses you.
The gnoll hits you from afar with a +0 spear.
* * * LOW HITPOINT WARNING * * *
You climb upwards.
There is a stone staircase leading down here.
It was a potion of heal wounds.
You feel much better. The gnoll barely misses you.
The gnoll closely misses you. The gnoll barely misses you.
Okay, then.
Aiming: Sting (safe; 5% risk of failure)
Press: ? - help, Q - select action Shift-Dir - straight line, f - gnoll
Aim: a gnoll, wielding a +0 halberd (heavily wounded, very poisoned, 75% to hit)
The sting hits the gnoll.
The gnoll looks even sicker.
The gnoll is heavily wounded.
The gnoll hits you with a +0 spear! The gnoll hits you with a +0 club!
* * * LOW HITPOINT WARNING * * *
The gnoll barely misses you.
You feel much better. The gnoll closely misses you.
The gnoll hits you with a +0 club! The gnoll barely misses you.
It was a potion of resistance.
You feel protected.
You kill the gnoll!
The gnoll hits you with a +0 spear!
* * * LOW HITPOINT WARNING * * *
The gnoll closely misses you.
Your Transmutations skill increases to level 2!
Aiming: Sting (safe; 5% risk of failure)
Press: ? - help, Q - select action Shift-Dir - straight line, f - gnoll
Aim: a gnoll, wielding a +0 spear (75% to hit)
Okay, then.
The gnoll hits you with a +0 spear.
* * * LOW HITPOINT WARNING * * *
You see here a +0 halberd.
The gnoll hits you from afar with a +0 spear.
You die...

#.#..............##.......#.
#.########.......##.......#.
#........##.#######.......##
#........##.################
#........##.#...............
#........##.#.............#.
#.........gg#...###........#
#........##)#..## ##.......#
#........##@#..## ##.....†..
#...........#...###...##†#..
#.#.........#........##..##.
####.#..................#.##>#.
#....#.........#........##.###.
#.####.........#...###...####..
#.####.........#..## ##....(...
#....'.........#..## ##........
######...#####.#...###........#


You could see 2 gnolls.

Vanquished Creatures
  A gnoll (D:1)
  4 dart slugs (D:1)
  A ball python (D:1)
  4 bats (D:1)
  2 endoplasms (D:1)
  3 giant cockroaches (D:1)
  3 hobgoblins (D:1)
  A quokka (D:1)
  A frilled lizard (D:1)
  4 kobolds (D:1)
  5 rats (D:1)
29 creatures vanquished.

Notes
Turn   | Place    | Note
-------+----------+-------------------------------------------
     0 | D:1      | Gabide the Demigod Venom Mage began the quest for the Orb.
     0 | D:1      | Reached XP level 1. HP: 14/14 MP: 5/5
    16 | D:1      | Reached skill level 1 in Transmutations
   302 | D:1      | Reached XP level 2. HP: 20/20 MP: 0/7
   448 | D:1      | Reached skill level 3 in Poison Magic
  1409 | D:1      | Reached XP level 3. HP: 26/26 MP: 1/8
  1629 | D:2      | HP: 1/26 [gnoll/+0 spear (5)]
  1636 | D:1      | Slain by a gnoll

Illustrated notes

Levels and vault maps discovered:
D:1:      erik_arrival_cave_to_civilisation [erik_arrival_cave_to_hall],
          layout_basic, minmay_distorted
D:2:      cheibrodos_greedy_goblins, layout_loops_ring,
          shapermc_ecumenical_altar_flowoftime, glass_columns_a,
          minmay_joined_circles

Skill      XL: |  1  2  3 |
---------------+----------+-----
Transmutations | 1 2 |  2.0
Dodging        | 2 |  2.7
Poison Magic   | 3 |  3.0
Stealth        | |  1.7
Spellcasting   | |  1.7

Action                   || total
-------------------------++-------
Melee: Dagger            ||     5
 Cast: Sting             ||    65
  Use: Potion            ||     3
Armor: Robe              ||     9
Dodge: Dodged            ||    43
